Islanders vs Blues
Created - December 18, 2023 at 19:31
Goals
|
| Islanders |
0 |
0 |
2 |
2 |
| Blues |
1 |
1 |
2 |
4 |
|
Shots
|
| Islanders |
6 |
5 |
16 |
27 |
| Blues |
4 |
9 |
19 |
32 |
|
1st period
1. Blues , Marko Dano 11 (Adam Henrique 17, Martin Marincin 2) at 3:42
Penalties :
No Penalty
2nd period
2. Blues , Will Butcher 3 (Brandon Montour 5, Carey Price) at 13:43
Penalties :
Travis Sanheim (Stl) for Interference (Minor) at 1:30, Joonas Korpisalo (NyI) for Slashing (Minor) at 5:54 - Kellan Lain served the penalty, Ryan Ellis (NyI) for Hooking (Minor) at 17:25
3rd period
3. Islanders , Sergei Plotnikov 1 (Andrew Shaw 1, Christian Fischer 1) at 3:24
4. Islanders , Vladimir Tarasenko 16 (Ryan Ellis 23, Michael Latta 10) at 5:37 (PP)
5. Blues , Filip Forsberg 14 (Seth Jones 19, William Nylander 8) at 10:12 (PP)
6. Blues , Seth Jones 6 (Adam Henrique 18, Marko Dano 11) at 15:09 (PP)
Penalties :
Kellan Lain (NyI) for High sticking (Minor) at 0:22, Adam Henrique (Stl) for Hooking (Minor) at 5:08, Michael Latta (NyI) for Roughing (Minor) at 9:03, Brayden McNabb (NyI) for Hooking (Minor) at 14:30, Michael Latta (NyI) for High sticking (Minor) at 15:45
Goalie Stats
Joonas Korpisalo (NyI), 28 saves from 32 shots - (0.875), L, 3-5-4, 60:00 minutes
Carey Price (Stl), 25 saves from 27 shots - (0.926), W, 12-5-1, 60:00 minutes
Players Stats for Islanders
Player Name G A P +/- PIM S H SB GA TA FO MP PP MP PK MP
------------------------------------------------------------------------------------
Andrew Shaw 0 1 1 0 0 0 1 0 0 0 0/1 6:51 0:00 0:00
Brayden McNabb 0 0 0 0 2 0 2 0 0 0 0/0 11:58 0:00 0:00
Brock McGinn 0 0 0 0 0 0 1 0 0 0 0/0 14:08 0:00 1:20
Christian Fischer 0 1 1 0 0 0 0 0 0 0 0/0 4:45 0:00 0:00
Dylan McIlrath 0 0 0 -1 0 1 1 1 0 0 0/0 19:08 0:41 3:31
Emerson Etem 0 0 0 0 0 1 1 0 0 0 0/0 14:25 1:04 0:00
Gabriel Carlsson 0 0 0 0 0 1 0 0 1 0 0/0 13:24 0:00 1:01
Jason Akeson 0 0 0 0 0 3 0 0 2 0 0/1 15:36 0:00 2:31
Jason Spezza 0 0 0 0 0 3 1 0 1 1 1/2 19:45 1:04 5:28
Kellan Lain 0 0 0 -1 2 2 1 2 0 0 0/2 19:22 1:24 2:08
Melker Karlsson 0 0 0 0 0 0 2 0 0 0 4/9 15:19 1:04 0:31
Michael Latta 0 1 1 -1 4 1 1 1 0 1 14/30 18:32 1:24 1:40
Ryan Ellis 0 1 1 0 2 2 2 0 1 0 0/0 27:05 1:47 5:12
Ryan Hartman 0 0 0 0 0 2 0 1 0 0 0/1 12:06 0:00 0:00
Sergei Plotnikov 1 0 1 0 0 1 0 0 0 0 0/0 5:59 0:00 0:00
Thomas Chabot 0 0 0 -1 0 1 1 0 0 2 0/0 19:14 0:41 3:31
Vladimir Tarasenko 1 0 1 -1 0 6 3 0 1 2 4/11 24:25 1:24 5:50
Yann Sauvé 0 0 0 0 0 3 6 1 1 0 0/0 28:09 1:47 6:13
Players Stats for Blues
Player Name G A P +/- PIM S H SB GA TA FO MP PP MP PK MP
------------------------------------------------------------------------------------
Adam Henrique 0 2 2 1 2 1 2 1 0 0 3/6 15:37 3:36 0:00
Brandon Montour 0 1 1 1 0 1 0 0 0 1 0/0 19:51 3:31 0:59
Cody Ceci 0 0 0 0 0 0 1 2 0 2 0/0 20:52 0:00 1:29
David Perron 0 0 0 1 0 2 2 0 2 1 0/0 11:57 0:10 0:26
Devin Shore 0 0 0 1 0 1 3 0 0 0 1/4 11:52 0:10 0:32
Drew Shore 0 0 0 0 0 2 1 0 1 1 3/8 10:38 0:00 1:27
Filip Forsberg 1 0 1 -1 0 7 4 0 1 0 1/1 21:59 5:58 0:36
Marko Dano 1 1 2 1 0 1 1 0 0 0 0/0 16:18 3:36 0:32
Martin Marincin 0 1 1 0 0 1 0 1 0 0 0/0 15:17 0:00 1:22
Max Friberg 0 0 0 0 0 1 1 0 0 0 0/0 9:29 0:10 0:00
Nathan MacKinnon 0 0 0 -1 0 4 2 0 1 0 25/35 21:23 5:58 0:00
Nick Schmaltz 0 0 0 1 0 0 0 0 0 0 0/0 10:28 0:00 0:00
Nikolaj Ehlers 0 0 0 -1 0 3 0 1 0 0 0/2 19:10 3:36 0:00
Samuel Morin 0 0 0 0 0 1 1 0 0 0 0/0 10:39 0:00 1:23
Seth Jones 1 1 2 0 0 2 1 0 0 1 0/0 26:28 6:13 0:59
Travis Sanheim 0 0 0 0 2 2 1 1 1 0 0/0 15:39 3:31 0:00
Will Butcher 1 0 1 1 0 3 0 1 0 1 0/0 21:54 6:13 0:07
William Nylander 0 1 1 1 0 0 1 0 0 0 1/1 17:59 5:58 0:00
3 Stars
1 - Marko Dano (Stl)
2 - Seth Jones (Stl)
3 - Will Butcher (Stl)
Power Play
Islanders - 1 on 2 Attempt(s) - 50.00%
Blues - 2 on 6 Attempt(s) - 33.33%
Penalty Kill
Islanders - 4 on 6 Attempt(s) - 66.67%
- Score 0 goal in Penalty Kill
Blues - 1 on 2 Attempt(s) - 50.00%
- Score 0 goal in Penalty Kill
Team Stat
Islanders - Hits : 23 - Faceoff Wins : 23 - Blocked Shots : 6 - Penalty Minutes : 12
Blues - Hits : 21 - Faceoff Wins : 34 - Blocked Shots : 7 - Penalty Minutes : 4
Official
Referees : Jean Hebert and Frederick L'Ecuyer
Linesman : Tyson Baker and Mark Shewchyk
Game Notes
No Game Note
Finance
Level 1 -- Attendance: 6000 (100.00%) -- Ticket Income $600,000
Level 2 -- Attendance: 4639 (92.78%) -- Ticket Income $278,340
Level 3 -- Attendance: 2000 (100.00%) -- Ticket Income $70,000
Level 4 -- Attendance: 4000 (100.00%) -- Ticket Income $100,000
Luxury Box -- Attendance: 963 (96.30%) -- Ticket Income $192,600
Game was played at the Enterprise Center.
Total Attendance: 17602 (97.79%)
Total Ticket Income: $1,240,940
Other Income: $186,141
Total Income: $1,427,081
Islanders
5 vs 5 Forward
Center Left Wing Right Wing Time % Phy DF OF
1 Michael Latta Kellan Lain Vladimir Tarasenko 40 1 2 2
2 Melker Karlsson Emerson Etem Jason Spezza 30 1 2 2
3 Ryan Hartman Brock McGinn Jason Akeson 20 1 2 2
4 Vladimir Tarasenko Sergei Plotnikov Andrew Shaw 10 1 2 2
5 vs 5 Defense
Defense Defense Time % Phy DF OF
1 Ryan Ellis Yann Sauvé 40 1 2 2
2 Thomas Chabot Dylan McIlrath 30 1 2 2
3 Brayden McNabb Gabriel Carlsson 20 1 2 2
4 Ryan Ellis Yann Sauvé 10 1 2 2
PowerPlay Forward
Center Left Wing Right Wing Time % Phy DF OF
1 Michael Latta Kellan Lain Vladimir Tarasenko 60 1 2 2
2 Melker Karlsson Emerson Etem Jason Spezza 40 1 2 2
PowerPlay Defense
Defense Defense Time % Phy DF OF
1 Ryan Ellis Yann Sauvé 60 1 2 2
2 Thomas Chabot Dylan McIlrath 40 1 2 2
Penalty Kill 4 Players Forward
Center Wing Time % Phy DF OF
1 Vladimir Tarasenko Jason Spezza 60 1 2 2
2 Kellan Lain Michael Latta 40 1 2 2
Penalty Kill 4 Players Defense
Defense Defense Time % Phy DF OF
1 Ryan Ellis Yann Sauvé 60 1 2 2
2 Thomas Chabot Dylan McIlrath 40 1 2 2
Penalty Kill - 3 Players Forward
Forward Time % Phy DF OF
1 Vladimir Tarasenko 60 1 2 2
2 Jason Spezza 40 1 2 2
Penalty Kill - 3 Players Defense
Defense Defense Time % Phy DF OF
1 Ryan Ellis Yann Sauvé 60 1 2 2
2 Thomas Chabot Dylan McIlrath 40 1 2 2
4 vs 4 Forward
Center Wing Time % Phy DF OF
1 Vladimir Tarasenko Jason Spezza 60 1 2 2
2 Kellan Lain Michael Latta 40 1 2 2
4 vs 4 Defense
Defense Defense Time % Phy DF OF
1 Ryan Ellis Yann Sauvé 60 1 2 2
2 Thomas Chabot Dylan McIlrath 40 1 2 2
Last Minutes Offensive
Center Left Wing Right Wing Defense Defense
Michael Latta Kellan Lain Vladimir Tarasenko Ryan Ellis Yann Sauvé
Last Minutes Defensive
Center Left Wing Right Wing Defense Defense
Michael Latta Kellan Lain Vladimir Tarasenko Ryan Ellis Yann Sauvé
Goaltenders
Starting : Joonas Korpisalo
Backup : Cam Ward
Extra Forwards
Normal : Christian Fischer, Brock McGinn, Jason Akeson - PP : Christian Fischer, Brock McGinn - PK : Jason Akeson
Extra Defensemen
Normal : Brayden McNabb, Gabriel Carlsson, Thomas Chabot - PP : Brayden McNabb - PK : Gabriel Carlsson, Thomas Chabot
Penalty Shots
Vladimir Tarasenko, Jason Spezza, Kellan Lain, Michael Latta, Emerson Etem
Custom OT Lines Forwards
Vladimir Tarasenko, Jason Spezza, Kellan Lain, Michael Latta, Emerson Etem, Brock McGinn, Melker Karlsson, Jason Akeson, Ryan Hartman, Sergei Plotnikov
Custom OT Lines Defensemen
Ryan Ellis, Yann Sauvé, Thomas Chabot, Dylan McIlrath, Brayden McNabb
Scratches
Anze Kopitar (Healthy), Ben Johnson (Healthy), Chris Tierney (Healthy), James Livingstone (Healthy), Nikita Zadorov (Broken Ribs Injury)
Blues
5 vs 5 Forward
Center Left Wing Right Wing Time % Phy DF OF
1 Nathan MacKinnon Filip Forsberg Nikolaj Ehlers 40 0 2 3
2 Adam Henrique Marko Dano William Nylander 30 0 2 3
3 Devin Shore David Perron Nick Schmaltz 20 1 2 2
4 Drew Shore Samuel Morin Max Friberg 10 0 3 2
5 vs 5 Defense
Defense Defense Time % Phy DF OF
1 Seth Jones Cody Ceci 40 1 2 2
2 Will Butcher Brandon Montour 30 1 2 2
3 Martin Marincin Travis Sanheim 20 1 2 2
4 Martin Marincin Seth Jones 10 1 2 2
PowerPlay Forward
Center Left Wing Right Wing Time % Phy DF OF
1 Nathan MacKinnon Filip Forsberg William Nylander 60 0 2 3
2 Adam Henrique Marko Dano Nikolaj Ehlers 40 0 2 3
PowerPlay Defense
Defense Defense Time % Phy DF OF
1 Will Butcher Seth Jones 60 0 2 3
2 Brandon Montour Travis Sanheim 40 0 2 3
Penalty Kill 4 Players Forward
Center Wing Time % Phy DF OF
1 Drew Shore Samuel Morin 60 1 3 1
2 Devin Shore Marko Dano 40 1 3 1
Penalty Kill 4 Players Defense
Defense Defense Time % Phy DF OF
1 Cody Ceci Martin Marincin 60 1 2 2
2 Seth Jones Brandon Montour 40 1 2 2
Penalty Kill - 3 Players Forward
Forward Time % Phy DF OF
1 Drew Shore 60 1 2 2
2 Devin Shore 40 1 2 2
Penalty Kill - 3 Players Defense
Defense Defense Time % Phy DF OF
1 Martin Marincin Cody Ceci 60 1 2 2
2 Seth Jones Brandon Montour 40 1 2 2
4 vs 4 Forward
Center Wing Time % Phy DF OF
1 Adam Henrique Filip Forsberg 60 1 2 2
2 Nathan MacKinnon David Perron 40 1 2 2
4 vs 4 Defense
Defense Defense Time % Phy DF OF
1 Will Butcher Brandon Montour 60 1 2 2
2 Cody Ceci Seth Jones 40 1 2 2
Last Minutes Offensive
Center Left Wing Right Wing Defense Defense
Nathan MacKinnon Filip Forsberg Nikolaj Ehlers Will Butcher Seth Jones
Last Minutes Defensive
Center Left Wing Right Wing Defense Defense
Drew Shore Samuel Morin Nick Schmaltz Martin Marincin Cody Ceci
Goaltenders
Starting : Carey Price
Backup : Maxime Daigneault
Extra Forwards
Normal : Nikolaj Ehlers, Samuel Morin, Drew Shore - PP : Marko Dano, William Nylander - PK : Filip Forsberg
Extra Defensemen
Normal : Cody Ceci, Travis Sanheim, Will Butcher - PP : Cody Ceci - PK : Will Butcher, Travis Sanheim
Penalty Shots
David Perron, Marko Dano, Filip Forsberg, Devin Shore, William Nylander
Custom OT Lines Forwards
Filip Forsberg, Nathan MacKinnon, Adam Henrique, Marko Dano, David Perron, Devin Shore, Drew Shore, Nikolaj Ehlers, William Nylander, Nick Schmaltz
Custom OT Lines Defensemen
Seth Jones, Will Butcher, Brandon Montour, Travis Sanheim, Cody Ceci
Scratches
None
% Time on Ice - Islanders
Lines # - Real PCT - Wanted PCT - Time Play
Normal Forward
1 - 34% - 40% - 16:23
2 - 29% - 30% - 13:54
3 - 25% - 20% - 12:06
4 - 11% - 10% - 5:25
Normal Defense
1 - 39% - 40% - 18:43
2 - 31% - 30% - 15:02
3 - 23% - 20% - 11:12
4 - 6% - 10% - 2:51
PP Forward
1 - 57% - 60% - 1:24
2 - 43% - 40% - 1:04
PP Defense
1 - 72% - 60% - 1:47
2 - 28% - 40% - 0:41
PK Forward
1 - 69% - 60% - 6:44
2 - 31% - 40% - 3:00
PK Defense
1 - 64% - 60% - 6:13
2 - 36% - 40% - 3:31
PK3 Forward
1 - 0% - 60%
2 - 0% - 40%
PK3 Defense
1 - 0% - 60%
2 - 0% - 40%
44 Forward
1 - 0% - 60%
2 - 0% - 40%
44 Defense
1 - 0% - 60%
2 - 0% - 40%
Last Minute Offensive - 0:00
Last Minute Defensive - 0:00
Total
Forward - 60:00
Defense - 60:00
|
% Time on Ice - Blues
Lines # - Real PCT - Wanted PCT - Time Play
Normal Forward
1 - 34% - 40% - 16:06
2 - 26% - 30% - 12:31
3 - 22% - 20% - 10:28
4 - 18% - 10% - 8:43
Normal Defense
1 - 40% - 40% - 19:14
2 - 31% - 30% - 14:46
3 - 22% - 20% - 10:18
4 - 7% - 10% - 3:30
PP Forward
1 - 63% - 60% - 6:08
2 - 37% - 40% - 3:36
PP Defense
1 - 64% - 60% - 6:13
2 - 36% - 40% - 3:31
PK Forward
1 - 78% - 60% - 1:56
2 - 22% - 40% - 0:32
PK Defense
1 - 60% - 60% - 1:29
2 - 40% - 40% - 0:59
PK3 Forward
1 - 0% - 60%
2 - 0% - 40%
PK3 Defense
1 - 0% - 60%
2 - 0% - 40%
44 Forward
1 - 0% - 60%
2 - 0% - 40%
44 Defense
1 - 0% - 60%
2 - 0% - 40%
Last Minute Offensive - 0:00
Last Minute Defensive - 0:00
Total
Forward - 60:00
Defense - 60:00
|
Play-by-Play
1st period
0:01 of 1st period - Nathan MacKinnon wins face-off versus Michael Latta in neutral zone.
0:56 of 1st period - Snap shot by Ryan Hartman.
0:56 of 1st period - Stopped by Carey Price without a rebound.
0:57 of 1st period - Devin Shore wins face-off versus Andrew Shaw in Blues zone.
1:03 of 1st period - Icing by Sergei Plotnikov.
1:04 of 1st period - Vladimir Tarasenko wins face-off versus Devin Shore in Islanders zone.
2:24 of 1st period - Martin Marincin is hit by Thomas Chabot and loses puck.
2:44 of 1st period - Ryan Ellis is hit by Devin Shore and loses puck.
2:51 of 1st period - Slapshot by David Perron.
2:51 of 1st period - Shot Misses the Net.
3:42 of 1st period - Snap shot by Marko Dano.
3:42 of 1st period - Goal by Marko Dano - Islanders : 0 - Blues : 1.
3:43 of 1st period - Nathan MacKinnon wins face-off versus Michael Latta in neutral zone.
4:53 of 1st period - Thomas Chabot is hit by Max Friberg and loses puck.
5:19 of 1st period - Wrist shot by Jason Spezza.
5:19 of 1st period - Stopped by Carey Price with a rebound.
5:41 of 1st period - Seth Jones is hit by Michael Latta and loses puck.
6:25 of 1st period - Vladimir Tarasenko is hit by Filip Forsberg and loses puck.
7:08 of 1st period - Brandon Montour is hit by Yann Sauvé and loses puck.
7:54 of 1st period - Slapshot by Filip Forsberg.
7:54 of 1st period - Shot Blocked by Ryan Hartman.
8:40 of 1st period - Slapshot by Thomas Chabot.
8:40 of 1st period - Shot Blocked by Cody Ceci.
8:42 of 1st period - Slapshot by Thomas Chabot.
8:42 of 1st period - Deflect By Cody Ceci.
8:42 of 1st period - Stopped by Carey Price with a rebound.
8:44 of 1st period - Snap shot by Ryan Hartman.
8:44 of 1st period - Shot Misses the Net.
8:56 of 1st period - Snap shot by Jason Akeson.
8:56 of 1st period - Stopped by Carey Price with a rebound.
8:58 of 1st period - Slapshot by Dylan McIlrath.
8:58 of 1st period - Stopped by Carey Price with a rebound.
9:00 of 1st period - Backhand shot by Dylan McIlrath.
9:00 of 1st period - Shot Misses the Net.
9:16 of 1st period - Slapshot by Seth Jones.
9:16 of 1st period - Deflect By David Perron.
9:16 of 1st period - Stopped by Joonas Korpisalo with a rebound.
9:50 of 1st period - Slapshot by David Perron.
9:50 of 1st period - Stopped by Joonas Korpisalo with a rebound.
10:16 of 1st period - Slapshot by Devin Shore.
10:16 of 1st period - Stopped by Joonas Korpisalo with a rebound.
10:22 of 1st period - Snap shot by Jason Akeson.
10:22 of 1st period - Stopped by Carey Price without a rebound.
10:23 of 1st period - Nathan MacKinnon wins face-off versus Michael Latta in Blues zone.
10:28 of 1st period - Michael Latta is hit by Filip Forsberg and loses puck.
10:51 of 1st period - Marko Dano is hit by Ryan Ellis and loses puck.
11:12 of 1st period - Snap shot by Max Friberg.
11:12 of 1st period - Shot Misses the Net.
11:44 of 1st period - Wrist shot by Kellan Lain.
11:44 of 1st period - Shot Misses the Net.
13:02 of 1st period - Emerson Etem is hit by Adam Henrique and loses puck.
13:27 of 1st period - Gabriel Carlsson is hit by Nathan MacKinnon and loses puck.
16:31 of 1st period - Icing by Cody Ceci.
16:32 of 1st period - Drew Shore wins face-off versus Jason Spezza in Blues zone.
16:32 of 1st period - Drew Shore is hit by Yann Sauvé.
17:43 of 1st period - Nikolaj Ehlers is hit by Emerson Etem and loses puck.
18:25 of 1st period - Jason Akeson is hit by David Perron and loses puck.
19:17 of 1st period - Yann Sauvé is hit by William Nylander.
19:52 of 1st period - Ryan Hartman is hit by Marko Dano and loses puck.
Goals for this period are 0 for Islanders vs 1 for Blues.
Shots for this period are 6 for Islanders vs 4 for Blues.
2nd period
0:01 of 2nd period - Nathan MacKinnon wins face-off versus Michael Latta in neutral zone.
0:14 of 2nd period - Nikolaj Ehlers is hit by Vladimir Tarasenko and loses puck.
0:27 of 2nd period - William Nylander is hit by Jason Spezza and loses puck.
0:35 of 2nd period - Off-side.
0:36 of 2nd period - Michael Latta wins face-off versus Adam Henrique in neutral zone.
1:09 of 2nd period - Slapshot by Travis Sanheim.
1:09 of 2nd period - Stopped by Joonas Korpisalo with a rebound.
1:30 of 2nd period - Minor Penalty to Travis Sanheim for Interference.
1:31 of 2nd period - Drew Shore wins face-off versus Michael Latta in Blues zone.
1:41 of 2nd period - Snap shot by Vladimir Tarasenko.
1:41 of 2nd period - Stopped by Carey Price with a rebound.
2:28 of 2nd period - Kellan Lain is hit by Drew Shore and loses puck.
2:39 of 2nd period - Seth Jones is hit by Dylan McIlrath and loses puck.
3:18 of 2nd period - Yann Sauvé is hit by Devin Shore and loses puck.
3:30 of 2nd period - Penalty to Travis Sanheim is over, Travis Sanheim is back on ice.
3:36 of 2nd period - Cody Ceci is hit by Yann Sauvé and loses puck.
3:53 of 2nd period - Wrist shot by Travis Sanheim.
3:53 of 2nd period - Stopped by Joonas Korpisalo without a rebound.
3:54 of 2nd period - Nathan MacKinnon wins face-off versus Ryan Hartman in Islanders zone.
4:37 of 2nd period - Wrist shot by Brock McGinn.
4:37 of 2nd period - Shot Misses the Net.
4:39 of 2nd period - Slapshot by Gabriel Carlsson.
4:39 of 2nd period - Stopped by Carey Price with a rebound.
4:41 of 2nd period - Backhand shot by Brock McGinn.
4:41 of 2nd period - Shot Misses the Net.
5:11 of 2nd period - Wrist shot by Brock McGinn.
5:11 of 2nd period - Shot Misses the Net.
5:13 of 2nd period - Wrist shot by Jason Akeson.
5:13 of 2nd period - Stopped by Carey Price without a rebound.
5:14 of 2nd period - Nathan MacKinnon wins face-off versus Michael Latta in Blues zone.
5:27 of 2nd period - Wrist shot by Filip Forsberg.
5:27 of 2nd period - Shot Misses the Net.
5:41 of 2nd period - Thomas Chabot is hit by Samuel Morin and loses puck.
5:54 of 2nd period - Slapshot by Drew Shore.
5:54 of 2nd period - Stopped by Joonas Korpisalo without a rebound.
5:54 of 2nd period - Minor Penalty to Joonas Korpisalo for Slashing.
5:55 of 2nd period - Nathan MacKinnon wins face-off versus Vladimir Tarasenko in Islanders zone.
7:09 of 2nd period - Brandon Montour is hit by Melker Karlsson and loses puck.
7:54 of 2nd period - Penalty to Kellan Lain is over, Kellan Lain is back on ice.
7:54 of 2nd period - Yann Sauvé is hit by Devin Shore and loses puck.
8:28 of 2nd period - Off-side.
8:29 of 2nd period - Melker Karlsson wins face-off versus Devin Shore in neutral zone.
8:54 of 2nd period - Christian Fischer is hit by Filip Forsberg and loses puck.
9:03 of 2nd period - Slapshot by Dylan McIlrath.
9:03 of 2nd period - Shot Hit the Post.
10:05 of 2nd period - Snap shot by David Perron.
10:05 of 2nd period - Shot Misses the Net.
12:30 of 2nd period - Nick Schmaltz is hit by Andrew Shaw and loses puck.
13:43 of 2nd period - Snap shot by Will Butcher.
13:43 of 2nd period - Deflect By Sergei Plotnikov.
13:43 of 2nd period - Goal by Will Butcher - Islanders : 0 - Blues : 2.
13:44 of 2nd period - Vladimir Tarasenko wins face-off versus Nathan MacKinnon in neutral zone.
13:53 of 2nd period - Snap shot by Michael Latta.
13:53 of 2nd period - Shot Misses the Net.
13:55 of 2nd period - Slapshot by Dylan McIlrath.
13:55 of 2nd period - Shot Misses the Net.
14:19 of 2nd period - Slapshot by Emerson Etem.
14:19 of 2nd period - Shot Blocked by Travis Sanheim.
14:41 of 2nd period - Slapshot by David Perron.
14:41 of 2nd period - Shot Misses the Net.
14:53 of 2nd period - Wrist shot by Drew Shore.
14:53 of 2nd period - Stopped by Joonas Korpisalo without a rebound.
14:54 of 2nd period - Michael Latta wins face-off versus Drew Shore in Islanders zone.
15:25 of 2nd period - Icing by Nikolaj Ehlers.
15:26 of 2nd period - Jason Spezza wins face-off versus Nathan MacKinnon in Blues zone.
15:27 of 2nd period - Wrist shot by Melker Karlsson.
15:27 of 2nd period - Shot Misses the Net.
15:39 of 2nd period - Snap shot by Nathan MacKinnon.
15:39 of 2nd period - Stopped by Joonas Korpisalo without a rebound.
15:40 of 2nd period - Michael Latta wins face-off versus Nathan MacKinnon in Islanders zone.
15:44 of 2nd period - Off-side.
15:45 of 2nd period - Michael Latta wins face-off versus Nathan MacKinnon in neutral zone.
15:59 of 2nd period - Off-side.
16:00 of 2nd period - Nathan MacKinnon wins face-off versus Melker Karlsson in neutral zone.
16:34 of 2nd period - Snap shot by Vladimir Tarasenko.
16:34 of 2nd period - Stopped by Carey Price without a rebound.
16:35 of 2nd period - Melker Karlsson wins face-off versus Adam Henrique in Blues zone.
16:38 of 2nd period - Slapshot by Thomas Chabot.
16:38 of 2nd period - Deflect By Emerson Etem.
16:38 of 2nd period - Stopped by Carey Price with a rebound.
16:40 of 2nd period - Slapshot by Jason Spezza.
16:40 of 2nd period - Shot Blocked by Will Butcher.
16:48 of 2nd period - Slapshot by Emerson Etem.
16:48 of 2nd period - Shot Misses the Net.
16:50 of 2nd period - Snap shot by Melker Karlsson.
16:50 of 2nd period - Deflect By Emerson Etem.
16:50 of 2nd period - Shot Hit the Post.
16:50 of 2nd period - Puck is out of play.
16:51 of 2nd period - Michael Latta wins face-off versus Nathan MacKinnon in Blues zone.
17:01 of 2nd period - Icing by Vladimir Tarasenko.
17:02 of 2nd period - Michael Latta wins face-off versus Nikolaj Ehlers in Islanders zone.
17:06 of 2nd period - Off-side.
17:07 of 2nd period - Nathan MacKinnon wins face-off versus Kellan Lain in neutral zone.
17:20 of 2nd period - Snap shot by Nikolaj Ehlers.
17:20 of 2nd period - Stopped by Joonas Korpisalo without a rebound.
17:21 of 2nd period - Nathan MacKinnon wins face-off versus Michael Latta in Islanders zone.
17:25 of 2nd period - Minor Penalty to Ryan Ellis for Hooking.
17:26 of 2nd period - Nathan MacKinnon wins face-off versus Vladimir Tarasenko in Islanders zone.
18:13 of 2nd period - Snap shot by Michael Latta.
18:13 of 2nd period - Shot Blocked by Nikolaj Ehlers.
18:29 of 2nd period - Nikolaj Ehlers is hit by Brock McGinn and loses puck.
18:42 of 2nd period - Thomas Chabot is hit by Nathan MacKinnon and loses puck.
19:11 of 2nd period - Nathan MacKinnon is hit by Yann Sauvé and loses puck.
19:24 of 2nd period - Seth Jones is hit by Yann Sauvé and loses puck.
19:25 of 2nd period - Penalty to Ryan Ellis is over, Ryan Ellis is back on ice.
19:31 of 2nd period - Yann Sauvé is hit by Seth Jones and loses puck.
19:44 of 2nd period - Snap shot by Max Friberg.
19:44 of 2nd period - Stopped by Joonas Korpisalo with a rebound.
19:46 of 2nd period - Wrist shot by Martin Marincin.
19:46 of 2nd period - Stopped by Joonas Korpisalo with a rebound.
19:48 of 2nd period - Snap shot by Samuel Morin.
19:48 of 2nd period - Shot Misses the Net.
Goals for this period are 0 for Islanders vs 1 for Blues.
Shots for this period are 5 for Islanders vs 9 for Blues.
3rd period
0:01 of 3rd period - Nathan MacKinnon wins face-off versus Michael Latta in neutral zone.
0:06 of 3rd period - Snap shot by Nathan MacKinnon.
0:06 of 3rd period - Stopped by Joonas Korpisalo with a rebound.
0:16 of 3rd period - Slapshot by Filip Forsberg.
0:16 of 3rd period - Shot Misses the Net.
0:22 of 3rd period - Minor Penalty to Kellan Lain for High sticking.
0:23 of 3rd period - Vladimir Tarasenko wins face-off versus Nathan MacKinnon in Islanders zone.
0:36 of 3rd period - Snap shot by Filip Forsberg.
0:36 of 3rd period - Stopped by Joonas Korpisalo without a rebound.
0:37 of 3rd period - Nathan MacKinnon wins face-off versus Vladimir Tarasenko in Islanders zone.
0:38 of 3rd period - Slapshot by Filip Forsberg.
0:38 of 3rd period - Shot Blocked by Yann Sauvé.
0:44 of 3rd period - Snap shot by Will Butcher.
0:44 of 3rd period - Stopped by Joonas Korpisalo without a rebound.
0:45 of 3rd period - Nathan MacKinnon wins face-off versus Vladimir Tarasenko in Islanders zone.
1:20 of 3rd period - Wrist shot by Filip Forsberg.
1:20 of 3rd period - Stopped by Joonas Korpisalo with a rebound.
1:36 of 3rd period - Wrist shot by Filip Forsberg.
1:36 of 3rd period - Stopped by Joonas Korpisalo with a rebound.
1:38 of 3rd period - Snap shot by Filip Forsberg.
1:38 of 3rd period - Shot Misses the Net.
1:40 of 3rd period - Slapshot by Will Butcher.
1:40 of 3rd period - Stopped by Joonas Korpisalo without a rebound.
1:41 of 3rd period - Adam Henrique wins face-off versus Jason Akeson in Islanders zone.
2:22 of 3rd period - Penalty to Kellan Lain is over, Kellan Lain is back on ice.
2:29 of 3rd period - Slapshot by Ryan Ellis.
2:29 of 3rd period - Shot Blocked by Cody Ceci.
2:41 of 3rd period - Jason Akeson is hit by Cody Ceci and loses puck.
2:56 of 3rd period - Jason Spezza is hit by Travis Sanheim and loses puck.
3:09 of 3rd period - Martin Marincin is hit by Kellan Lain and loses puck.
3:24 of 3rd period - Snap shot by Sergei Plotnikov.
3:24 of 3rd period - Goal by Sergei Plotnikov - Islanders : 1 - Blues : 2.
3:25 of 3rd period - Melker Karlsson wins face-off versus Nathan MacKinnon in neutral zone.
3:52 of 3rd period - Marko Dano is hit by Vladimir Tarasenko and loses puck.
3:59 of 3rd period - Michael Latta is hit by Adam Henrique and loses puck.
4:45 of 3rd period - Wrist shot by Nikolaj Ehlers.
4:45 of 3rd period - Stopped by Joonas Korpisalo with a rebound.
5:02 of 3rd period - Brandon Montour is hit by Vladimir Tarasenko and loses puck.
5:08 of 3rd period - Minor Penalty to Adam Henrique for Hooking.
5:09 of 3rd period - Michael Latta wins face-off versus Drew Shore in Blues zone.
5:09 of 3rd period - Slapshot by Ryan Ellis.
5:09 of 3rd period - Shot Blocked by Martin Marincin.
5:11 of 3rd period - Snap shot by Kellan Lain.
5:11 of 3rd period - Stopped by Carey Price with a rebound.
5:13 of 3rd period - Wrist shot by Yann Sauvé.
5:13 of 3rd period - Deflect By Cody Ceci.
5:13 of 3rd period - Stopped by Carey Price without a rebound.
5:14 of 3rd period - Michael Latta wins face-off versus Drew Shore in Blues zone.
5:17 of 3rd period - Slapshot by Ryan Ellis.
5:17 of 3rd period - Shot Misses the Net.
5:19 of 3rd period - Snap shot by Vladimir Tarasenko.
5:19 of 3rd period - Shot Misses the Net.
5:21 of 3rd period - Slapshot by Yann Sauvé.
5:21 of 3rd period - Stopped by Carey Price without a rebound.
5:22 of 3rd period - Michael Latta wins face-off versus Drew Shore in Blues zone.
5:27 of 3rd period - Wrist shot by Ryan Ellis.
5:27 of 3rd period - Shot Misses the Net.
5:29 of 3rd period - Slapshot by Vladimir Tarasenko.
5:29 of 3rd period - Shot Misses the Net.
5:31 of 3rd period - Slapshot by Yann Sauvé.
5:31 of 3rd period - Stopped by Carey Price without a rebound.
5:32 of 3rd period - Michael Latta wins face-off versus Drew Shore in Blues zone.
5:35 of 3rd period - Wrist shot by Ryan Ellis.
5:35 of 3rd period - Stopped by Carey Price with a rebound.
5:37 of 3rd period - Snap shot by Vladimir Tarasenko.
5:37 of 3rd period - Goal by Vladimir Tarasenko - Islanders : 2 - Blues : 2.
5:38 of 3rd period - Nathan MacKinnon wins face-off versus Michael Latta in neutral zone.
5:51 of 3rd period - Slapshot by Filip Forsberg.
5:51 of 3rd period - Stopped by Joonas Korpisalo with a rebound.
6:35 of 3rd period - Snap shot by Drew Shore.
6:35 of 3rd period - Shot Blocked by Dylan McIlrath.
6:37 of 3rd period - Slapshot by Will Butcher.
6:37 of 3rd period - Shot Misses the Net.
6:39 of 3rd period - Snap shot by Samuel Morin.
6:39 of 3rd period - Stopped by Joonas Korpisalo without a rebound.
6:40 of 3rd period - Nathan MacKinnon wins face-off versus Michael Latta in Islanders zone.
6:45 of 3rd period - Snap shot by Nathan MacKinnon.
6:45 of 3rd period - Shot Blocked by Kellan Lain.
6:47 of 3rd period - Slapshot by Cody Ceci.
6:47 of 3rd period - Deflect By Nikolaj Ehlers.
6:47 of 3rd period - Shot Misses the Net.
6:47 of 3rd period - Puck is out of play.
6:48 of 3rd period - Nathan MacKinnon wins face-off versus Michael Latta in Islanders zone.
6:49 of 3rd period - Slapshot by Filip Forsberg.
6:49 of 3rd period - Shot Misses the Net.
6:55 of 3rd period - Snap shot by Nikolaj Ehlers.
6:55 of 3rd period - Shot Blocked by Kellan Lain.
7:13 of 3rd period - Slapshot by Nikolaj Ehlers.
7:13 of 3rd period - Stopped by Joonas Korpisalo without a rebound.
7:14 of 3rd period - Melker Karlsson wins face-off versus Adam Henrique in Islanders zone.
7:23 of 3rd period - Snap shot by Ryan Ellis.
7:23 of 3rd period - Deflect By Brandon Montour.
7:23 of 3rd period - Stopped by Carey Price without a rebound.
7:24 of 3rd period - Adam Henrique wins face-off versus Melker Karlsson in Blues zone.
7:28 of 3rd period - Icing by Adam Henrique.
7:29 of 3rd period - Adam Henrique wins face-off versus Michael Latta in Blues zone.
7:36 of 3rd period - Snap shot by Adam Henrique.
7:36 of 3rd period - Stopped by Joonas Korpisalo with a rebound.
7:56 of 3rd period - Filip Forsberg is hit by Melker Karlsson and loses puck.
8:44 of 3rd period - Slapshot by Ryan Hartman.
8:44 of 3rd period - Stopped by Carey Price without a rebound.
8:45 of 3rd period - Nathan MacKinnon wins face-off versus Melker Karlsson in Blues zone.
8:45 of 3rd period - Nathan MacKinnon is hit by Ryan Ellis.
8:59 of 3rd period - Slapshot by Seth Jones.
8:59 of 3rd period - Stopped by Joonas Korpisalo without a rebound.
9:00 of 3rd period - Michael Latta wins face-off versus Nathan MacKinnon in Islanders zone.
9:00 of 3rd period - Michael Latta is hit by Filip Forsberg.
9:03 of 3rd period - Minor Penalty to Michael Latta for Roughing.
9:04 of 3rd period - Vladimir Tarasenko wins face-off versus Nathan MacKinnon in Islanders zone.
9:12 of 3rd period - Snap shot by Jason Spezza.
9:12 of 3rd period - Stopped by Carey Price without a rebound.
9:13 of 3rd period - Filip Forsberg wins face-off versus Vladimir Tarasenko in Blues zone.
10:12 of 3rd period - Slapshot by Seth Jones.
10:12 of 3rd period - Deflect By Filip Forsberg.
10:12 of 3rd period - Goal by Filip Forsberg - Islanders : 2 - Blues : 3.
10:13 of 3rd period - Michael Latta wins face-off versus Devin Shore in neutral zone.
10:45 of 3rd period - Icing by Jason Spezza.
10:46 of 3rd period - Drew Shore wins face-off versus Melker Karlsson in Islanders zone.
11:28 of 3rd period - Slapshot by Melker Karlsson.
11:28 of 3rd period - Shot Misses the Net.
11:30 of 3rd period - Wrist shot by Jason Spezza.
11:30 of 3rd period - Stopped by Carey Price without a rebound.
11:31 of 3rd period - Nathan MacKinnon wins face-off versus Kellan Lain in Blues zone.
12:04 of 3rd period - Snap shot by Ryan Hartman.
12:04 of 3rd period - Shot Blocked by Adam Henrique.
12:18 of 3rd period - Adam Henrique is hit by Brayden McNabb and loses puck.
12:25 of 3rd period - Snap shot by Brandon Montour.
12:25 of 3rd period - Stopped by Joonas Korpisalo without a rebound.
12:26 of 3rd period - Nathan MacKinnon wins face-off versus Michael Latta in Islanders zone.
12:27 of 3rd period - Slapshot by Filip Forsberg.
12:27 of 3rd period - Shot Misses the Net.
12:39 of 3rd period - Snap shot by Filip Forsberg.
12:39 of 3rd period - Stopped by Joonas Korpisalo with a rebound.
13:17 of 3rd period - Slapshot by Vladimir Tarasenko.
13:17 of 3rd period - Stopped by Carey Price with a rebound.
13:49 of 3rd period - Icing by Seth Jones.
13:50 of 3rd period - Nathan MacKinnon wins face-off versus Michael Latta in Blues zone.
13:55 of 3rd period - Snap shot by Vladimir Tarasenko.
13:55 of 3rd period - Stopped by Carey Price without a rebound.
13:56 of 3rd period - Michael Latta wins face-off versus Nikolaj Ehlers in Blues zone.
14:13 of 3rd period - Wrist shot by Nathan MacKinnon.
14:13 of 3rd period - Shot Misses the Net.
14:23 of 3rd period - Wrist shot by Nathan MacKinnon.
14:23 of 3rd period - Stopped by Joonas Korpisalo without a rebound.
14:24 of 3rd period - William Nylander wins face-off versus Melker Karlsson in Islanders zone.
14:30 of 3rd period - Minor Penalty to Brayden McNabb for Hooking.
14:31 of 3rd period - Nathan MacKinnon wins face-off versus Vladimir Tarasenko in Islanders zone.
14:35 of 3rd period - Backhand shot by Nathan MacKinnon.
14:35 of 3rd period - Stopped by Joonas Korpisalo with a rebound.
15:07 of 3rd period - Snap shot by Adam Henrique.
15:07 of 3rd period - Shot Blocked by Michael Latta.
15:09 of 3rd period - Backhand shot by Seth Jones.
15:09 of 3rd period - Goal by Seth Jones - Islanders : 2 - Blues : 4.
15:10 of 3rd period - Michael Latta wins face-off versus Nathan MacKinnon in neutral zone.
15:13 of 3rd period - Snap shot by Vladimir Tarasenko.
15:13 of 3rd period - Stopped by Carey Price with a rebound.
15:15 of 3rd period - Slapshot by Ryan Ellis.
15:15 of 3rd period - Shot Misses the Net.
15:17 of 3rd period - Snap shot by Michael Latta.
15:17 of 3rd period - Stopped by Carey Price without a rebound.
15:18 of 3rd period - Nathan MacKinnon wins face-off versus Michael Latta in Blues zone.
15:29 of 3rd period - Wrist shot by Kellan Lain.
15:29 of 3rd period - Stopped by Carey Price without a rebound.
15:30 of 3rd period - Nathan MacKinnon wins face-off versus Michael Latta in Blues zone.
15:43 of 3rd period - Snap shot by Filip Forsberg.
15:43 of 3rd period - Stopped by Joonas Korpisalo with a rebound.
15:45 of 3rd period - Minor Penalty to Michael Latta for High sticking.
15:46 of 3rd period - Nathan MacKinnon wins face-off versus Vladimir Tarasenko in Islanders zone.
15:51 of 3rd period - Slapshot by Filip Forsberg.
15:51 of 3rd period - Shot Misses the Net.
17:45 of 3rd period - Penalty to Michael Latta is over, Michael Latta is back on ice.
18:42 of 3rd period - Drew Shore is hit by Brayden McNabb and loses puck.
19:27 of 3rd period - Will Butcher is hit by Yann Sauvé and loses puck.
19:54 of 3rd period - Brayden McNabb is hit by David Perron and loses puck.
Goals for this period are 2 for Islanders vs 2 for Blues.
Shots for this period are 16 for Islanders vs 19 for Blues.